 Dungeon Crawl Stone Soup version 0.30-a0-694-g3340775977 (webtiles) character file.

Game seed: 8214999526831494804

4658 Fenrisus the Covert (level 10, -11/79 (82) HPs)
             Began as a Formicid Hunter on Jan 20, 2023.
             Was a Believer of Dithmenos.
             Succumbed to a cane toad's poison
             ... on level 8 of the Dungeon.
             The game lasted 00:42:48 (6344 turns).

Fenrisus the Covert (Formicid Hunter)               Turns: 6344, Time: 00:42:49

HP:   -11/79 (82)   AC: 14    Str: 13    XL:     10   Next: 71%
MP:   10/10         EV: 15    Int: 10    God:    Dithmenos [**....]
Gold: 537           SH:  0    Dex: 19    Spells: 9/9 levels left

rFire   + . .      SeeInvis +    a - +1 shortbow (drain)
rCold   + . .      Faith    .    (no shield)
rNeg    . . .      Spirit   .    o - +3 leather armour "Suaguog" {rF+ rCorr Str-4}
rPois   .          Reflect  .    (helmet unavailable)
rElec   .          Harm     .    n - +3 cloak "Zoluox" {rC+ Stlth+}
rCorr   +          Rampage  .    w - +2 pair of gloves {Stlth+}
Will    ++...                    d - +0 pair of boots
Stlth   +++++++++                (no amulet)
HPRegen 0.33/turn                e - ring of flight
MPRegen 0.12/turn                q - ring of willpower

@: mighty, lethally poisoned (-11 -> -54), flying, wreathed by umbra, lightly
drained
A: permanent stasis, dig shafts and tunnels, antennae 3, four strong arms
a: Dig, Shaft Self, Renounce Religion, Shadow Step


You were on level 8 of the Dungeon.
You worshipped Dithmenos.
Dithmenos was pleased with you.
You visited 3 branches of the dungeon, and saw 10 of its levels.
You also visited: Sewer.

You collected 537 gold pieces.

Inventory:

Hand Weapons
 a - a +1 shortbow of draining (weapon)
 p - a +4 long sword of holy wrath
 I - a +0 arbalest
Armour
 d - a +0 pair of boots (worn)
 n - the +3 cloak "Zoluox" (worn) {rC+ Stlth+}
   (You acquired it on level 3 of the Dungeon)

   rC:        It protects you from cold.
   Stlth:     It makes you more stealthy.
 o - the +3 leather armour "Suaguog" (worn) {rF+ rCorr Str-4}
   (You found it on level 3 of the Dungeon)

   Str:       It affects your strength (-4).
   rF:        It protects you from fire.
   rCorr:     It protects you from acid and corrosion.
 w - a +2 pair of gloves of stealth (worn)
 C - a +2 leather armour of fire resistance
 F - the +1 pair of gloves of the Nexus {Harm rF+ rC++ Int-2}
   (You found it on level 7 of the Dungeon)

   Int:       It affects your intelligence (-2).
   rF:        It protects you from fire.
   rC:        It greatly protects you from cold.
   Harm:      It increases damage dealt and taken.
 H - the +8 ring mail "Annetaom" {rC+ MP+9}
   (You found it on level 7 of the Dungeon)

   rC:        It protects you from cold.
   MP:        It affects your magic capacity (+9).
Jewellery
 e - a ring of flight (left hand)
 g - a ring of protection from cold
 q - a ring of willpower (right hand)
 y - a ring of protection from fire
 A - a ring of magical power
 E - a ring of wizardry
 J - an amulet of magic regeneration
Wands
 l - a wand of paralysis (6)
 s - a wand of iceblast (9)
 z - a wand of flame (9)
Scrolls
 b - 3 scrolls of immolation
 c - 2 scrolls of enchant armour {unknown}
 h - 2 scrolls of fog
 G - a scroll of noise {unknown}
Potions
 f - 2 potions of degeneration {unknown}
 j - 2 potions of attraction {unknown}
 k - a potion of resistance {unknown}
 r - a potion of flight
 u - a potion of brilliance {unknown}
 v - a potion of haste
 x - a potion of magic {unknown}
 D - a potion of mutation {unknown}


   Skills:
 + Level 8.6 Fighting
 + Level 8.7 Ranged Weapons
 - Level 0.7 Armour
 - Level 6.8 Dodging
 + Level 9.8 Stealth


You had 9 spell levels left.
You didn't know any spells.
Your spell library contained the following spells:

 Spells                   Type           Power      Damage    Failure   Level
 Apportation              Tloc           0%         N/A       43%         1
 Kiss of Death            Conj/Necr      0%         2d5       43%         1
 Necrotise                Necr           0%         1d4       43%         1
 Sting                    Tmut/Pois      0%         1d3       43%         1
 Summon Small Mammal      Summ           0%         N/A       43%         1
 Poisonous Vapours        Pois/Air       0%         N/A       58%         2
 Confusing Touch          Hex            0%         N/A       82%         3
 Stone Arrow              Conj/Erth      0%         3d7       82%         3
 Dispel Undead            Necr           0%         3d6       99%         4
 Olgreb's Toxic Radiance  Pois           0%         N/A       99%         4
 Irradiate                Conj/Tmut      0%         3d11      100%        5
 Yara's Violent Unravell  Hex/Tmut       0%         3d3       100%        5
 Iron Shot                Conj/Erth      0%         9d1       100%        6


Dungeon Overview and Level Annotations

Branches:
Dungeon (8/15)             Temple (1/1) D:7            Lair (1/5) D:8
  Sewer (visited)

Altars:
Ashenzari
Cheibriados
Dithmenos
Elyvilon
Fedhas
Gozag
Hepliaklqana
Kikubaaqudgha
Makhleb
Nemelex Xobeh
Okawaru
Qazlal
Ru
Sif Muna
Trog
Uskayaw
Vehumet
Wu Jian
Xom
Yredelemnul
Zin
The Shining One


Innate Abilities, Weirdness & Mutations

You cannot be hasted, slowed, berserked, paralysed or teleported.
You can dig through walls and to a lower floor.
You have a pair of large antennae on your head. (SInv)
Your four strong arms can wield two-handed weapons with a shield.


Message History

You shoot an arrow. The arrow hits the hell rat!
The hell rat is severely wounded.
The blink frog is engulfed in poison gas.
The blink frog looks as sick as possible!
The blink frog is engulfed in poison gas.
The blink frog looks even sicker.
The blink frog blinks!
The hell rat misses you.
The hell rat bites you but does no damage.
You feel better.
The blink frog is engulfed in poison gas.
The blink frog looks as sick as possible!
The blink frog hits you but does no damage.
The hell rat misses you. The hell rat bites you.
The blink frog is engulfed in poison gas.
The blink frog looks as sick as possible!
You kill the blink frog!
Dithmenos accepts your kill.
Your life force feels restored.
You shoot an arrow. The arrow hits the hell rat.
The hell rat is severely wounded.
The cane toad stings you but does no damage.
The hell rat bites you!
You feel drained. The hell rat misses you.
You shoot an arrow.
The arrow hits the hell rat but does no damage.
The hell rat is severely wounded.
The cane toad stings you!
You are poisoned.
The cane toad poisons you! The hell rat misses you. The hell rat bites you.
The cane toad misses you. The hell rat barely misses you.
The hell rat closely misses you.
* * * LOW HITPOINT WARNING * * *
You feel very sick.
The blink frog blinks!
The cane toad stings you!!
* * * LOW HITPOINT WARNING * * *
You are more poisoned.
The cane toad poisons you!
The hell rat bites you but does no damage.
The hell rat barely misses you.
The blink frog blinks!
You fly upwards.
Welcome back to the Dungeon!
You die...

#.###.###.#####.#####
#.#....#.## #.# #.#.###.##
#<# ###.#.# #.# #.# #...#.#
#.# #.# ########### #.#
####PPPPPPPPP#######.#
##.#PPPPPPFr.PP#......#
#.#..PPPPPr@..P######.######
#....PP.....PP# #.......
#...........PP# #####.##
#.#.......P.PP# #.#
#.##...P...P.## #.#
#.####.....### #.# ###.#
##...###.# #.# #...#
#........# #.# #.###
##.####### #.#


You could see a cane toad and 2 hell rats.

Vanquished Creatures
  A komodo dragon (D:8)
  2 blink frogs (Lair:1)
  A wyvern (Lair:1)
  3 yaks (D:8)
  Eustachio (D:6)
  3 water moccasins
  3 orc warriors
  A sky beast (D:7)
  2 black bears
  4 ice beasts
  2 ogres
  A phantom (D:5)
  3 centaurs
  A bullfrog (D:6)
  A necrophage (D:7)
  4 scorpions
  3 wights (D:7)
  A killer bee (D:7)
  An electric eel (D:7)
  A howler monkey (D:8)
  4 orc priests
  5 hounds
  2 jellies
  9 iguanas
  4 orc wizards
  A hell rat (Lair:1)
  8 gnolls
  6 adders
  A shadow imp (D:5)
  A white imp (D:7)
  An ufetubus (D:4)
  5 worms
  3 dart slugs
  32 orcs
  10 ball pythons
  7 bats
  6 endoplasms
  3 giant cockroaches
  7 goblins
  6 hobgoblins
  13 jackals
  5 quokkas
  4 frilled lizards
  2 kobolds
  3 rats
187 creatures vanquished.

Vanquished Creatures (others)
  3 fungi (D:5)
  16 plants
  5 toadstools (D:5)
24 creatures vanquished.

Grand Total: 211 creatures vanquished

Notes
Turn   | Place    | Note
-------+----------+-------------------------------------------
     0 | D:1      | Fenrisus the Formicid Hunter began the quest for the Orb.
     0 | D:1      | Reached XP level 1. HP: 16/16 MP: 1/1
    30 | D:1      | Found a faded altar of an unknown god.
   107 | D:1      | Reached XP level 2. HP: 23/23 MP: 2/2
   640 | D:2      | Reached skill level 2 in Stealth
   643 | D:2      | Reached XP level 3. HP: 28/28 MP: 3/3
  1173 | D:2      | Reached XP level 4. HP: 34/34 MP: 4/4
  1434 | D:3      | Identified the +3 leather armour "Suaguog" {rF+ rCorr
                  | Str-4}
  1525 | D:3      | Reached skill level 3 in Stealth
  1525 | D:3      | Reached XP level 5. HP: 41/41 MP: 5/5
  1942 | D:3      | Identified a scroll of acquirement
  1943 | D:3      | Acquired the +3 cloak "Zoluox" {rC+ Stlth+}
  2159 | D:4      | Noticed a black bear
  2163 | D:4      | Killed a black bear
  2164 | D:4      | Reached XP level 6. HP: 48/48 MP: 6/6
  2275 | D:4      | Reached skill level 5 in Ranged Weapons
  2276 | D:4      | Found an ancient bone altar of Kikubaaqudgha.
  2281 | D:4      | Found a white marble altar of Elyvilon.
  2281 | D:4      | Found a glowing golden altar of the Shining One.
  2281 | D:4      | Found a glowing silver altar of Zin.
  2297 | D:4      | Acquired a +2 pair of gloves of stealth
  2512 | D:4      | Found a sacrificial altar of Ru.
  2513 | D:4      | Found a shadowy altar of Dithmenos.
  2522 | D:4      | Became a worshipper of Dithmenos the Shadowed
  2694 | D:4      | Reached skill level 4 in Stealth
  2767 | D:5      | Entered Level 5 of the Dungeon
  2802 | D:5      | Noticed a water moccasin
  2889 | D:5      | Reached XP level 7. HP: 51/54 MP: 7/7
  3052 | D:5      | Killed a water moccasin
  3053 | D:5      | Reached skill level 5 in Stealth
  3060 | D:5      | Got the Almanac of Rocky Configuration
  3147 | D:5      | Reached XP level 8. HP: 61/61 MP: 8/8
  3163 | D:5      | Reached skill level 5 in Fighting
  3394 | D:5      | Reached skill level 6 in Stealth
  3828 | D:6      | Reached * piety under Dithmenos
  3897 | D:6      | Reached skill level 5 in Dodging
  3905 | D:6      | Noticed Eustachio
  3939 | D:6      | Reached XP level 9. HP: 69/69 MP: 9/9
  4047 | D:6      | Reached skill level 7 in Stealth
  4242 | D:6      | Found a glowing drain.
  4265 | Sewer    | Entered a sewer
  4547 | D:6      | Killed Eustachio
  4719 | D:7      | Found a staircase to the Ecumenical Temple.
  4782 | D:7      | Reached skill level 8 in Stealth
  4799 | Temple   | Entered the Ecumenical Temple
  5064 | D:7      | Identified the +1 pair of gloves of the Nexus {Harm rF+
                  | rC++ Int-2}
  5078 | D:7      | Reached ** piety under Dithmenos
  5317 | D:7      | Reached XP level 10. HP: 77/79 MP: 10/10
  5349 | D:7      | Found a snail-covered altar of Cheibriados.
  5550 | D:7      | Identified the +8 ring mail "Annetaom" {rC+ MP+9}
  5895 | D:8      | Reached skill level 9 in Stealth
  6001 | D:8      | Found a shimmering altar of Xom.
  6003 | D:8      | Found a hazy altar of Hepliaklqana.
  6004 | D:8      | Noticed a spectral ugly thing
  6289 | D:8      | Found a staircase to the Lair.
  6290 | D:8      | Noticed a komodo dragon
  6314 | D:8      | Killed a komodo dragon
  6321 | Lair:1   | Entered Level 1 of the Lair of Beasts
  6335 | Lair:1   | Noticed a cane toad
  6343 | Lair:1   | HP: 1/79 [cane toad (19)]
  6344 | D:8      | Succumbed to a cane toad's poison

Illustrated notes

Levels and vault maps discovered:
D:1:      heliophobic_arrival_battle_scene, layout_loops_cross,
          shapermc_ecumenical_altar_acropolis, serial_bayou_pond_c
D:2:      layout_loops_ring
D:3:      layout_basic
D:4:      layout_loops_cross, dreamdust_divine_triumvirate,
          grunt_temple_overflow_open
D:5:      layout_loops_ring, serial_bayou, serial_bayou_pond_d,
          serial_bayou_pond_a, serial_bayou_pond_b, serial_bayou_lagoon_b,
          serial_park_tiny_1, minmay_gold_behind_fungi
D:6:      layout_loops_ring, cheibrodos_sewer_entry_bend, chequers_garden,
          uniq_eustachio
D:7:      minmay_octagon_keep, layout_loops_corners, kennysheep_slug_shrine,
          minmay_temple_entry_mini_moons, serial_bayou_lake_a
D:8:      layout_loops_ring, regret_index_temple_of_mockery, david_lair_shrubbed
Temple:   dshaligram_water_room_temple
Lair:1:   layout_chaotic_city, basic_altar, st_stairs_7, beast_lair_carwin_7,
          lemuel_fruit_tree, uniq_harold, uniq_gastronok, uniq_grum

Skill      XL: |  1  2  3  4  5  6  7  8  9 10 |
---------------+-------------------------------+-----
Dodging        | 2 3 4 5 6 |  6.8
Stealth        | 2 3 4 5 6 8 9 |  9.8
Fighting       | 3 4 6 7 8 |  8.6
Ranged Weapons | 5 6 7 8 |  8.7
Armour         | |  0.7

Action                   |  1- 3 |  4- 6 |  7- 9 | 10-12 || total
-------------------------+-------+-------+-------+-------++-------
 Fire: Shortbow          |    82 |   110 |   279 |   118 ||   589
Evoke: Wand              |       |     1 |    27 |     7 ||    35
  Use: Scroll            |     6 |     3 |     7 |     1 ||    17
       Potion            |       |       |     5 |     5 ||    10
Armor: Leather armour    |     4 |    19 |    39 |    25 ||    87
Dodge: Dodged            |    16 |    22 |    88 |    73 ||   199

Table legend: (Time is in decaauts)
 A = Elapsed time spent in this place.
 B = Non-inter-level travel time spent in this place.
 C = Inter-level travel time spent in this place.
 D = Time resting spent in this place.
 E = Time spent auto-exploring this place.
 F = Levels seen in this place.
 G = Mean time per level.
                   A        B        C        D        E       F      G
               +--------+--------+--------+--------+--------+-----+--------+
         Total |   6475 |   1629 |   4846 |    317 |      0 |  11 |  588.6 |
       Dungeon |   6286 |   1525 |   4761 |    317 |      0 |   8 |  785.8 |
        Temple |     86 |      1 |     85 |      0 |      0 |   1 |   86.0 |
          Lair |     24 |     24 |      0 |      0 |      0 |   1 |   24.0 |
         Sewer |     77 |     77 |      0 |      0 |      0 |   1 |   77.0 |
               +--------+--------+--------+--------+--------+-----+--------+

Top non-repeatable levels by time:
     D:7: 1113 daAuts
     D:6: 981 daAuts
     D:5: 923 daAuts
     D:3: 739 daAuts
     D:2: 732 daAuts
     D:4: 701 daAuts
     D:1: 645 daAuts
     D:8: 449 daAuts
  Temple: 86 daAuts
   Sewer: 77 daAuts
  Lair:1: 24 daAuts
